[Event "FIDE Women World Blitz 2021"]
[Site "Warsaw"]
[Date "2021.12.30"]
[Round "12.12"]
[White "Paehtz, Elisabeth"]
[Black "Lach, Aleksandra"]
[Result "1-0"]
[ECO "A80"]
[WhiteElo "2485"]
[BlackElo "2204"]
[Annotator "ChessBase"]
[PlyCount "51"]
[EventDate "2021.12.29"]
[EventType "swiss"]
[EventCountry "POL"]
[Tiebreak "Cut1 Buchholz"]
[SourceTitle "playchess.com"]
[Source "ChessBase"]
[SourceQuality "1"]
[TimeControl "180+2"]

1. d4 f5 2. e3 Nf6 3. b3 d6 4. Bb2 g6 5. Be2 Bg7 6. h4 h6 7. Nh3 Be6 8. c4 Bf7 9. Nc3 e5 10. dxe5 dxe5 11. Qxd8+ Kxd8 12. O-O-O+ Kc8 13. e4 Nc6 14. f3 f4 15. Nd5 Nxd5 16. exd5 Nd4 17. Bxd4 exd4 18. Nxf4 g5 19. hxg5 hxg5 20. Rxh8+ Bxh8 21. Rh1 Be5 22. Nd3 Bf6 23. Rh6 Bd8 24. Ne5 Be8 25. Rh8 Bd7 26. Nf7 1-0

[Event "FIDE Women World Blitz 2021"]
[Site "Warsaw"]
[Date "2021.12.30"]
[Round "12.12"]
[White "Da Silva, Cibele Florencio"]
[Black "Zairbek kyzy, Begimai"]
[Result "0-1"]
[ECO "B11"]
[WhiteElo "1405"]
[BlackElo "1701"]
[Annotator "NA"]
[PlyCount "71"]
[EventDate "2021.12.29"]
[EventType "swiss"]
[EventCountry "POL"]
[Tiebreak "Cut1 Buchholz"]
[SourceTitle "playchess.com"]
[Source "ChessBase"]
[SourceQuality "1"]
[TimeControl "180+2"]

1. e4 c6 2. Nf3 d5 3. Nc3 Bg4 4. Be2 e6 5. d3 Nf6 6. h3 Bh5 7. g4 Bg6 8. e5 Nfd7 9. d4 c5 10. Be3 Nc6 11. a3 cxd4 12. Bxd4 Nxd4 13. Qxd4 Bxc2 14. Rc1 Bg6 15. Bb5 a6 16. Bxd7+ Qxd7 17. Qa4 b5 18. Qd4 Rc8 19. Ke2 Bc5 20. Qd2 d4 21. Nb1 O-O 22. Nh4 Be4 23. f3 Bb7 24. Rhd1 f6 25.
b4 Bb6 26. Rxc8 Qxc8 27. exf6 Rxf6 28. Qd3 Bd5 29. g5 Bc4 30. gxf6 gxf6 31. Kd2 Bxd3 32. Kxd3 Qc4+ 33. Kd2 d3 34. Nc3 Qxh4 35. Re1 Qf2+ 36. Kd1 0-1

[Event "FIDE Women World Blitz 2021"]
[Site "Warsaw"]
[Date "2021.12.30"]
[Round "12.13"]
[White "Efroimski, Marsel"]
[Black "Zatonskih, Anna"]
[Result "0-1"]
[ECO "C09"]
[WhiteElo "2419"]
[BlackElo "2394"]
[Annotator "NA"]
[PlyCount "134"]
[EventDate "2021.12.29"]
[EventType "swiss"]
[EventCountry "POL"]
[Tiebreak "Cut1 Buchholz"]
[SourceTitle "playchess.com"]
[Source "ChessBase"]
[SourceQuality "1"]
[TimeControl "180+2"]

1. e4 e6 2. d4 d5 3. Nd2 c5 4. exd5 exd5 5. Ngf3 Nc6 6. Bb5 Qe7+ 7. Qe2 Qxe2+ 8. Kxe2 a6 9. Bxc6+ bxc6 10. Re1 f6 11. Kf1+ Kf7 12. dxc5 Bxc5 13. Nb3 Bd6 14. h3 c5 15. c3 Bf5 16. Be3 c4 17. Nbd4 Bd3+ 18. Kg1 Ne7 19. b4 cxb3 20. axb3 Rhc8 21. Bd2 Be4 22. Ra4 Nc6 23. Nxc6 Rxc6 24. Nd4 Rcc8 25. f3 Bd3 26. Re3 Bb5 27. Ra1 Bf4 28. Nf5 Bxe3+ 29. Nxe3 Ke6 30. Re1 g6 31. Nc4+ Kf7 32. Nd6+ Kf8 33. Bh6+ Kg8 34. Nxc8 Rxc8 35. Bd2 Kf7 36. Kf2 Re8 37. Be3 g5 38. g4 Kg6 39. Rd1 Re5 40. Rd2 f5 41. Bd4 Re8 42. Rc2 h5 43. c4 dxc4 44. bxc4 Rc8 45. c5 fxg4 46. hxg4 hxg4 47. fxg4 Rd8 48. Be3 Rf8+ 49. Kg1 Rf3 50. Bf2 Rf4 51. c6 Rxg4+ 52. Kh2 Rc4 53. Rxc4 Bxc4 54. c7 Be6 55. Bb6 Kf5 56. Kg3 Ke4 57. Ba5 Kd3 58. Kf3 g4+ 59. Kf4 Kc4 60. Be1 Bc8 61. Ke5 Kb5 62. Kd6 a5 63. Ke7 a4 64. Kd8 Bf5 65.
Ke7 a3 66. Kf6 Bc8 67. Kg5 a2 0-1

[Event "FIDE Women World Blitz 2021"]
[Site "Warsaw"]
[Date "2021.12.30"]
[Round "12.14"]
[White "Kovanova, Baira"]
[Black "Muzychuk, Mariya"]
[Result "1-0"]
[ECO "B50"]
[WhiteElo "2331"]
[BlackElo "2536"]
[Annotator "ChessBase"]
[PlyCount "49"]
[EventDate "2021.12.29"]
[EventType "swiss"]
[EventCountry "POL"]
[Tiebreak "Cut1 Buchholz"]
[SourceTitle "playchess.com"]
[Source "ChessBase"]
[SourceQuality "1"]
[TimeControl "180+2"]

1. e4 c5 2. Nf3 e6 3. d3 Nc6 4. g3 Nf6 5. Bg2 d6 6. O-O Be7 7. Nc3 O-O 8. d4 cxd4 9. Nxd4 Bd7 10. Be3 a6 11. a4 Rc8 12. Nxc6 Bxc6 13. h3 b6 14. Qe2 b5 15. axb5 axb5 16. Nxb5 Bxe4 17. c4 Bxg2 18. Kxg2 d5 19. cxd5 Qxd5+ 20. Kh2 Rb8 21. Nc3 Qb3 22. Ra7 Bb4 23. Bd4 Nd5 24. Qe5 Nf6 25. Ne4 1-0

[Event "FIDE Women World Blitz 2021"]
[Site "Warsaw"]
[Date "2021.12.30"]
[Round "12.15"]
[White "Osmak, Yuliia"]
[Black "Maltsevskaya, Aleksandra"]
[Result "1-0"]
[ECO "E92"]
[WhiteElo "2198"]
[BlackElo "2411"]
[Annotator "NA"]
[PlyCount "125"]
[EventDate "2021.12.29"]
[EventType "swiss"]
[EventCountry "POL"]
[Tiebreak "Cut1 Buchholz"]
[SourceTitle "playchess.com"]
[Source "ChessBase"]
[SourceQuality "1"]
[TimeControl "180+2"]

1. c4 Nf6 2. Nc3 e5 3. Nf3 Nc6 4. e4 g6 5. d4 exd4 6. Nxd4 Bg7 7. Be3 d6 8. Be2 O-O 9. Nxc6 bxc6 10. O-O Re8 11. Qc2 Qe7 12. Bf3 Bg4 13. Bxg4 Nxg4 14. Rae1 a5 15. h3 Nf6 16. Bg5 h6 17. Bh4 Qe6 18. b3 Nh5 19. f3 Qe5 20.
Ne2 a4 21. Bf2 axb3 22. axb3 Nf4 23. Nxf4 Qxf4 24. Be3 Qg3 25. Bf2 Qg5 26. Be3 Qe5 27.
Rd1 Ra3 28. Bd4 Qa5 29. Bxg7 Kxg7 30. Qb2+ Kg8 31. Ra1 Qb6+ 32. Kh2 Rxb3 33. Qf6 Qc5 34. Rfc1 Rb4 35. Qc3 Reb8 36. Ra6 Rb2 37. Qf6 Qf2 38. Rg1 Qc5 39. Raa1 Rc2 40. Qe7 Rxc4 41. Qxc7 Qe5+ 42. Kh1 Re8 43. Ra7 Qf6 44. Qd7 Rf8 45. Rc7 c5 46. Rc6 Rd4 47. Rc7 Rd3 48. Rc6 Qf4 49. Rc7 h5 50. Qb5 Rd4 51. Rd7 Kg7 52. Qc6 h4 53. Qc7 Ra8 54. Qb7 Ra2 55. Qb3 Rad2 56. Qb7 Rd1 57. Qb3 Rxg1+ 58. Kxg1 c4 59. Qc3 Qe5 60. Kf2 Qf6 61. Rc7 Qe5 62. Rxc4 Qg3+ 63. Kg1 1-0

[Event "FIDE Women World Blitz 2021"]
[Site "Warsaw"]
[Date "2021.12.30"]
[Round "12.16"]
[White "Majdan, Joanna"]
[Black "Atalik, Ekaterina"]
[Result "0-1"]
[ECO "B19"]
[WhiteElo "2325"]
[BlackElo "2430"]
[Annotator "NA"]
[PlyCount "128"]
[EventDate "2021.12.29"]
[EventType "swiss"]
[EventCountry "POL"]
[Tiebreak "Cut1 Buchholz"]
[SourceTitle "playchess.com"]
[Source "ChessBase"]
[SourceQuality "1"]
[TimeControl "180+2"]

1. e4 c6 2. d4 d5 3. Nc3 dxe4 4. Nxe4 Bf5 5. Ng3 Bg6 6. h4 h6 7. Nf3 e6 8. Ne5 Bh7 9. Qf3 Nf6 10. c3 Be7 11. Nh5 O-O 12. Nxf6+ Bxf6 13. Qg3 Kh8 14. Ng4 Nd7 15. Nxf6 Nxf6 16. Be2 Qb6 17. O-O Rad8 18. h5 Qa5 19. Qh4 Qf5 20. Re1 Qe4 21. Qxe4 Bxe4 22. f3 Bh7 23. g4 Nd5 24. Bd2 Rfe8 25. c4 Nb6 26. Bc3 Na4 27. Bf1 Nxc3 28.
bxc3 f6 29. f4 Bg8 30. Kf2 c5 31. Rad1 Rc8 32. d5 exd5 33. Rxe8 Rxe8 34. cxd5 Rd8 35. Bg2 b6 36. f5 Bf7 37. c4 Kg8 38. Re1 Kf8 39. Re2 Re8 40. Rxe8+ Kxe8 41. Ke3 Kd7 42. Ke4 Kd6 43. Bf1 Be8 44. Be2 Ba4 45. Kf4 Bc2 46. a3 a6 47. Bf1 Ba4 48. Ke4 b5 49. Bd3 bxc4 50. Bxc4 Bb5 51. Kd3 Ke5 52. Kc3 Bxc4 53. Kxc4 Kd6 54. a4 a5 55. Kb5 Kxd5 56. Kxa5 c4 57. Kb6 c3 58. a5 c2 59. a6 c1=Q 60. a7 Qb2+ 61.
Kc7 Qa3 62. Kb8 Ke5 63. a8=Q Qxa8+ 64. Kxa8 Kf4 0-1

[Event "FIDE Women World Blitz 2021"]
[Site "Warsaw"]
[Date "2021.12.30"]
[Round "12.17"]
[White "Kamalidenova, Meruert"]
[Black "Kulon, Klaudia"]
[Result "0-1"]
[ECO "C76"]
[WhiteElo "2339"]
[BlackElo "2328"]
[Annotator "NA"]
[PlyCount "116"]
[EventDate "2021.12.29"]
[EventType "swiss"]
[EventCountry "POL"]
[Tiebreak "Cut1 Buchholz"]
[SourceTitle "playchess.com"]
[Source "ChessBase"]
[SourceQuality "1"]
[TimeControl "180+2"]

1. e4 e5 2. Nf3 Nc6 3. Bb5 a6 4. Ba4 d6 5. c3 Bd7 6. O-O g6 7. d4 Bg7 8. Re1 Nge7 9. Be3 O-O 10. Nbd2 h6 11. Nf1 b5 12. Bc2 Bg4 13.
d5 Na5 14. h3 Bd7 15. N3h2 f5 16. f4 Nc4 17. Bc1 exf4 18. Rb1 fxe4 19. Bxe4 Ne5 20. Nf3 Bf5 21. Nd4 Qd7 22. Bxf5 Nxf5 23. Ne6 Rf7 24. Bxf4 g5 25. Nxg7 gxf4 26. Ne6 f3 27. Rxe5 f2+ 28. Kxf2 dxe5 29. Kg1 c6 30. Qg4+ Kh8 31. Qe4 Qxd5 32. Qxd5 cxd5 33. Rd1 Re8 34. Nc5 e4 35. Re1 a5 36. Nb3 a4 37. Nd4 Nxd4 38. cxd4 Rc8 39. Ne3 Rd7 40. Rf1 b4 41. Rf5 Rc1+ 42. Kh2 Rb1 43. Nxd5 Rxb2 44. Re5 a3 45. Nf6 Rf7 46. Nxe4 Rxa2 47. Ra5 Rf4 48. Nc5 Rxd4 49. Ra7 Rc2 50. Nb3 Rd3 51. Na5 a2 52. Nb7 Ra3 53. Na5 a1=Q 54. Ra8+ Kg7 55. Ra7+ Kf6 56. Ra6+ Kf5 57. h4 Rxa5 58. Rxh6 Qe5+ 0-1

[Event "FIDE Women World Blitz 2021"]
[Site "Warsaw"]
[Date "2021.12.30"]
[Round "12.18"]
[White "Mamedjarova, Zeinab"]
[Black "Hryzlova, Sofiia"]
[Result "1-0"]
[ECO "D05"]
[WhiteElo "2249"]
[BlackElo "2097"]
[Annotator "NA"]
[PlyCount "111"]
[EventDate "2021.12.29"]
[EventType "swiss"]
[EventCountry "POL"]
[Tiebreak "Cut1 Buchholz"]
[SourceTitle "playchess.com"]
[Source "ChessBase"]
[SourceQuality "1"]
[TimeControl "180+2"]

1. d4 Nf6 2. Nf3 e6 3. e3 d5 4. Bd3 Bd6 5. Nbd2 O-O 6. O-O b6 7. a4 a6 8. b3 Bb7 9. Bb2 Nbd7 10. Ne5 c5 11. Nxd7 Qxd7 12. dxc5 bxc5 13. Bxf6 gxf6 14. Qg4+ Kh8 15. Qh4 f5 16. Nf3 f6 17. a5 Rac8 18.
Rfd1 Qg7 19. Be2 Rg8 20. g3 Be5 21. Ra4 Bc6 22. Ra2 Ra8 23.
Qh5 Be8 24. Qh3 Bc3 25. Rd3 Be5 26. c4 dxc4 27. bxc4 Bc6 28. Rd1 Rab8 29. Nh4 Rb4 30. Rad2 Bc7 31. Bh5 Rgb8 32. Bf3 Bxf3 33. Nxf3 Rb1 34. Qf1 Rxd1 35. Qxd1 Bxa5 36. Rd7 Qf8 37. Nh4 Rd8 38. Kg2 Qe8 39. Rd6 Bc7 40. Rd2 Qc6+ 41. Kg1 Rxd2 42. Qxd2 Qd6 43. Qb2 Kg7 44. Qb7 a5 45. Kg2 Qb6 46. Qc8 a4 47. Qd7+ Kh6 48. Qxa4 Qb7+ 49. Kh3 Qe4 50. Qe8 Be5 51. Qf8+ Kh5 52. Qf7+ Kh6 53. f3 Qxe3 54. Qxe6 Qd4 55. Nxf5+ Kg6 56. Nxd4 1-0

[Event "FIDE Women World Blitz 2021"]
[Site "Warsaw"]
[Date "2021.12.30"]
[Round "12.19"]
[White "Dzagnidze, Nana"]
[Black "Bulmaga, Irina"]
[Result "1-0"]
[ECO "E54"]
[WhiteElo "2524"]
[BlackElo "2405"]
[Annotator "ChessBase"]
[PlyCount "103"]
[EventDate "2021.12.29"]
[EventType "swiss"]
[EventCountry "POL"]
[Tiebreak "Cut1 Buchholz"]
[SourceTitle "playchess.com"]
[Source "ChessBase"]
[SourceQuality "1"]
[TimeControl "180+2"]

1. d4 Nf6 2. c4 e6 3. Nc3 Bb4 4. e3 O-O 5. Bd3 d5 6. Nf3 c5 7. a3 Bxc3+ 8.
bxc3 dxc4 9. Bxc4 Qc7 10. Ba2 b6 11. O-O Bb7 12. h3 Nbd7 13.
a4 e5 14. Ba3 Rfe8 15. Ng5 c4 16. Qe2 Rac8 17. Nf3 Nd5 18. Rfc1 Qc6 19. a5 b5 20. Rab1 a6 21. Rb2 Ba8 22. Bb1 e4 23. Nd2 N7f6 24. Nf1 Qe6 25.
Ng3 h5 26. Nxh5 Nxh5 27. Qxh5 g6 28. Qg5 Kg7 29. Bc5 Rh8 30.
Re2 Rh5 31. Qg3 Rd8 32. Ree1 Ne7 33. f3 Nf5 34. Qf2 exf3 35.
e4 Nh4 36. d5 Qd7 37. Bd4+ Kg8 38. g4 Rh7 39. Bf6 Ng2 40. Bxd8 Nxe1 41. Rxe1 Qxd8 42. Qxf3 Qh4 43. Rd1 Bb7 44. Kg2 Bc8 45. e5 Qg5 46. e6 fxe6 47. Rf1 Qe7 48. Bxg6 Rg7 49. Be4 Bd7 50. dxe6 Bxe6 51. Qf4 Qd8 52. Rf2 1-0

[Event "FIDE Women World Blitz 2021"]
[Site "Warsaw"]
[Date "2021.12.30"]
[Round "12.20"]
[White "Muetsch, Annmarie"]
[Black "Zhukova, Natalia"]
[Result "1-0"]
[ECO "C55"]
[WhiteElo "2279"]
[BlackElo "2331"]
[Annotator "NA"]
[PlyCount "96"]
[EventDate "2021.12.29"]
[EventType "swiss"]
[EventCountry "POL"]
[Tiebreak "Cut1 Buchholz"]
[SourceTitle "playchess.com"]
[Source "ChessBase"]
[SourceQuality "1"]
[TimeControl "180+2"]

1. e4 e5 2. Bc4 Nf6 3. d3 Nc6 4. Nf3 h6 5. c3 d6 6. Bb3 g6 7. O-O Bg7 8. h3 O-O 9. Be3 Kh7 10. Bc2 d5 11. exd5 Nxd5 12. Bd2 a6 13.
a4 Rb8 14. Re1 b5 15. axb5 axb5 16. Qe2 f5 17. Na3 Qd6 18. Rad1 Ba6 19. b4 Qd7 20. Bb3 Rfe8 21. Bc2 Re7 22. h4 Nf6 23. Bc1 Rbe8 24. Qf1 Qc8 25. Be3 Ng4 26. Bc5 Rf7 27. h5 gxh5 28. d4 e4 29. Nd2 Qd8 30.
f3 Qh4 31. fxg4 hxg4 32. Qf4 Ne7 33. Bxe7 Rexe7 34. g3 Qh3 35. Re2 Qh5 36. Rh2 Qg6 37. Bb3 Rf8 38. Nc2 Bf6 39. Ne3 Bg5 40. Qf2 f4 41. gxf4 Bxf4 42. Rg2 g3 43. Qe2 Bc8 44. Bc2 Bh3 45. Nef1 Bxg2 46. Qxg2 Rfe8 47. Re1 Kh8 48. Re2 Qc6 1-0

[Event "FIDE Women World Blitz 2021"]
[Site "Warsaw"]
[Date "2021.12.30"]
[Round "12.21"]
[White "Nomin-Erdene, Davaademberel"]
[Black "Mammadova, Gulnar"]
[Result "1-0"]
[ECO "C17"]
[WhiteElo "2188"]
[BlackElo "2395"]
[Annotator "NA"]
[PlyCount "91"]
[EventDate "2021.12.29"]
[EventType "swiss"]
[EventCountry "POL"]
[Tiebreak "Cut1 Buchholz"]
[SourceTitle "playchess.com"]
[Source "ChessBase"]
[SourceQuality "1"]
[TimeControl "180+2"]

1. e4 e6 2. d4 d5 3. Nc3 Bb4 4. e5 c5 5. Bd2 Ne7 6. a3 Bxc3 7. Bxc3 cxd4 8.
Qxd4 Nbc6 9. Qg4 Nf5 10. Nf3 h5 11. Qf4 Bd7 12. Bd3 g6 13.
h3 Qb6 14. Ng5 Nce7 15. O-O-O d4 16. Bd2 Nd5 17. Qf3 Bc6 18. g4 Nc3 19. Qf4 Nd5 20. Qf3 Nc3 21. Be4 Nxe4 22. Nxe4 O-O-O 23. Qf4 Nh6 24. Nd6+ Kb8 25. Rhg1 Ba4 26. Nc4 Qc5 27. b3 Bxb3 28. cxb3 b5 29. Bb4 Qc6 30. Bd6+ Ka8 31. Rd2 bxc4 32. Rc2 c3 33. Qxd4 Rc8 34. Rg3 hxg4 35. Rgxc3 Qb7 36. hxg4 Rxc3 37. Rxc3 Rc8 38. Kb2 Rxc3 39. Kxc3 Qf3+ 40. Kb2 Nxg4 41. Qb4 Qxf2+ 42. Ka1 Qf1+ 43. Ka2 Qe2+ 44. Kb1 Qd3+ 45. Kb2 Ne3 46. Qb8# 1-0

[Event "FIDE Women World Blitz 2021"]
[Site "Warsaw"]
[Date "2021.12.30"]
[Round "12.22"]
[White "Sandu, Mihaela"]
[Black "Gaponenko, Inna"]
[Result "0-1"]
[ECO "B27"]
[WhiteElo "2244"]
[BlackElo "2339"]
[Annotator "NA"]
[PlyCount "76"]
[EventDate "2021.12.29"]
[EventType "swiss"]
[EventCountry "POL"]
[Tiebreak "Cut1 Buchholz"]
[SourceTitle "playchess.com"]
[Source "ChessBase"]
[SourceQuality "1"]
[TimeControl "180+2"]

1. e4 g6 2. d4 Bg7 3. Nf3 c5 4. c3 cxd4 5. cxd4 d5 6. e5 Bg4 7. Nbd2 Nc6 8.
h3 Bd7 9. a3 e6 10. Bd3 Nge7 11. O-O O-O 12. b4 b6 13. Nb3 a5 14. b5 Na7 15. a4 Nac8 16. Ba3 Re8 17. Rc1 Nf5 18. Qc2 Ra7 19. Rfe1 Bh6 20.
Rcd1 Rc7 21. Qb2 Bf8 22. Bxf8 Rxf8 23. Rc1 Nce7 24. g4 Ng7 25. Qd2 Kh8 26. Qh6 Ng8 27.
Qe3 f5 28. exf6 Nxf6 29. Ne5 Be8 30. Nd2 Rxc1 31. Rxc1 Qe7 32. Ndf3 Qa3 33. Rc7 Qd6 34. Rb7 Ng8 35. Qg5 Qa3 36. Kg2 Qxa4 37.
Qh4 Qa3 38. Bxg6 h6 0-1

[Event "FIDE Women World Blitz 2021"]
[Site "Warsaw"]
[Date "2021.12.30"]
[Round "12.23"]
[White "Vantika Agrawal"]
[Black "Michna, Marta"]
[Result "1-0"]
[ECO "A55"]
[WhiteElo "2329"]
[BlackElo "2312"]
[Annotator "NA"]
[PlyCount "112"]
[EventDate "2021.12.29"]
[EventType "swiss"]
[EventCountry "POL"]
[Tiebreak "Cut1 Buchholz"]
[SourceTitle "playchess.com"]
[Source "ChessBase"]
[SourceQuality "1"]
[TimeControl "180+2"]

1. Nf3 Nf6 2. g3 d6 3. d4 Nbd7 4. Bg2 e5 5. c4 Be7 6. O-O O-O 7. Nc3 c6 8. e4 a6 9. a4 a5 10. h3 Qc7 11. Be3 Re8 12. Qc2 Nb8 13.
Rad1 Na6 14. Rfe1 Bf8 15. b3 Nd7 16. Qc1 Nb4 17. Kh2 exd4 18.
Nxd4 Nc5 19. Qb1 Bd7 20. f4 Rad8 21. Bf2 Bc8 22. Rd2 g6 23.
Na2 Nba6 24. Rde2 Bg7 25. Nf3 Qb6 26. Nd2 Nb4 27. Nxb4 Qxb4 28. Qc2 Qc3 29. Qxc3 Bxc3 30. Rb1 Bxd2 31. Rxd2 Nxe4 32. Bxe4 Rxe4 33. Rbd1 d5 34. cxd5 cxd5 35. Rxd5 Rxd5 36. Rxd5 Re2 37. Kg2 Bxh3+ 38. Kxh3 Rxf2 39. Rxa5 Rd2 40. Ra7 b6 41. Ra6 h5 42. Rxb6 Kg7 43. a5 f6 44. a6 g5 45. fxg5 fxg5 46. b4 Ra2 47. b5 Kf7 48. g4 Ra3+ 49. Kg2 h4 50. Rb7+ Ke6 51. a7 Ke5 52. b6 Kf4 53. Rb8 Ra2+ 54. Kf1 Ra1+ 55. Ke2 Ra2+ 56. Kd3 Ra3+ 1-0

[Event "FIDE Women World Blitz 2021"]
[Site "Warsaw"]
[Date "2021.12.30"]
[Round "12.24"]
[White "Efimenko, Maria"]
[Black "Berend, Elvira"]
[Result "1/2-1/2"]
[ECO "B22"]
[WhiteElo "2207"]
[BlackElo "2328"]
[Annotator "NA"]
[PlyCount "102"]
[EventDate "2021.12.29"]
[EventType "swiss"]
[EventCountry "POL"]
[Tiebreak "Cut1 Buchholz"]
[SourceTitle "playchess.com"]
[Source "ChessBase"]
[SourceQuality "1"]
[TimeControl "180+2"]

1. e4 c5 2. c3 Nf6 3. e5 Nd5 4. d4 cxd4 5. cxd4 d6 6. Nf3 e6 7. Bc4 Nc6 8. O-O Be7 9. Qe2 O-O 10. Nc3 Nxc3 11. bxc3 dxe5 12. dxe5 Qa5 13. Bd2 Rd8 14. Bd3 g6 15. Rfe1 Bd7 16. h4 Be8 17. h5 Qa4 18. Be4 Rac8 19. Bg5 Qa3 20.
Qe3 Bxg5 21. Nxg5 Qe7 22. Qg3 Na5 23. hxg6 fxg6 24. Qg4 Nc4 25. Qxe6+ Qxe6 26. Nxe6 Rd2 27. Bxb7 Rb8 28. Ba6 Nb6 29. Nd4 Ba4 30. e6 Kg7 31. e7 Re8 32. Ne6+ Kf6 33. Nf8 Rxe7 34. Rxe7 Kxe7 35. Nxh7 Nd5 36. Re1+ Kd6 37. c4 Nc3 38. Ng5 Rxa2 39. Re6+ Kc5 40. Rxg6 Bc6 41. Bc8 Ne2+ 42. Kh2 Nf4 43. Rf6 Nxg2 44. Rf5+ Kb4 45. Be6 Ne1 46. Kg3 Nd3 47. Nf3 Rxf2 48. Nd4 Rxf5 49. Nxc6+ Kc5 50. Bxf5 Nb2 51. Nxa7 Nxc4 1/2-1/2

[Event "FIDE Women World Blitz 2021"]
[Site "Warsaw"]
[Date "2021.12.30"]
[Round "12.25"]
[White "Strutinskaia, Galina"]
[Black "Batsiashvili, Nino"]
[Result "0-1"]
[ECO "D38"]
[WhiteElo "2188"]
[BlackElo "2491"]
[Annotator "ChessBase"]
[PlyCount "80"]
[EventDate "2021.12.29"]
[EventType "swiss"]
[EventCountry "POL"]
[Tiebreak "Cut1 Buchholz"]
[SourceTitle "playchess.com"]
[Source "ChessBase"]
[SourceQuality "1"]
[TimeControl "180+2"]

1. d4 d5 2. c4 e6 3. Nf3 Nf6 4. Nc3 Bb4 5. cxd5 exd5 6. Bg5 h6 7. Bxf6 Qxf6 8. Qa4+ Nc6 9.
e3 O-O 10. Be2 Be6 11. a3 Be7 12. b4 a6 13. Qc2 Na7 14. Rb1 c6 15. Ne5 Bd6 16. f4 Nb5 17. a4 Na3 18. Qb2 Nxb1 19. Qxb1 Qe7 20. Nd3 Bf5 21. O-O Bxd3 22. Qxd3 Bxb4 23. Nd1 a5 24. f5 f6 25. Rf4 Qd7 26. Rg4 Rf7 27. Nf2 b5 28. Nh3 bxa4 29. Nf4 a3 30. Qb3 Re8 31. Ne6 Rxe6 32. fxe6 Qxe6 33. Rg3 Re7 34. Qc2 Qe4 35. Bd3 a2 36. Bxe4 a1=Q+ 37. Kf2 dxe4 38. Qe2 Kh8 39. Rg6 Bc3 40. Kg3 Qe1+ 0-1

[Event "FIDE Women World Blitz 2021"]
[Site "Warsaw"]
[Date "2021.12.30"]
[Round "12.26"]
[White "Padmini, Rout"]
[Black "Semenova, Elena"]
[Result "1-0"]
[ECO "C47"]
[WhiteElo "2353"]
[BlackElo "2233"]
[Annotator "NA"]
[PlyCount "101"]
[EventDate "2021.12.29"]
[EventType "swiss"]
[EventCountry "POL"]
[Tiebreak "Cut1 Buchholz"]
[SourceTitle "playchess.com"]
[Source "ChessBase"]
[SourceQuality "1"]
[TimeControl "180+2"]

1. e4 e5 2. Nf3 Nf6 3. Nc3 Nc6 4. g3 d5 5. exd5 Nxd5 6. Bg2 Nxc3 7. bxc3 Bc5 8. O-O O-O 9. Rb1 Bb6 10.
d3 Bg4 11. Qe1 Re8 12. Nd2 Qd7 13. Nc4 Bh3 14. Qe4 Bxg2 15. Qxg2 h6 16. Re1 Rad8 17. a4 Re6 18. Rb5 Qe8 19. a5 a6 20. Rb3 Nxa5 21. Nxa5 Bxa5 22. Qxb7 Bb6 23. Be3 Qc6 24. Qxa6 Bxe3 25. Qxc6 Bxf2+ 26. Kxf2 Rxc6 27. Rxe5 Ra8 28. c4 Ra2 29. Re2 Rf6+ 30. Ke1 Ra1+ 31. Kd2 g6 32. Rb8+ Kg7 33. Rb7 c6 34. Rc7 h5 35. Kc3 h4 36. gxh4 Rg1 37.
Kb4 Rg4 38. Kc5 Rxh4 39. Rxc6 Rf5+ 40. Kb6 Rh8 41. Kb7 Rfh5 42. Rd6 Rxh2 43. Rxh2 Rxh2 44. c5 Rxc2 45. c6 Rb2+ 46. Ka7 Ra2+ 47. Kb8 Rb2+ 48. Kc8 g5 49. c7 g4 50. Kd7 Rc2 51. Rc6 1-0

[Event "FIDE Women World Blitz 2021"]
[Site "Warsaw"]
[Date "2021.12.30"]
[Round "12.27"]
[White "Zawadzka, Jolanta"]
[Black "Mamedjarova, Turkan"]
[Result "0-1"]
[ECO "C84"]
[WhiteElo "2429"]
[BlackElo "2264"]
[Annotator "NA"]
[PlyCount "104"]
[EventDate "2021.12.29"]
[EventType "swiss"]
[EventCountry "POL"]
[Tiebreak "Cut1 Buchholz"]
[SourceTitle "playchess.com"]
[Source "ChessBase"]
[SourceQuality "1"]
[TimeControl "180+2"]

1. e4 e5 2. Nf3 Nc6 3. Bb5 a6 4. Ba4 Nf6 5. Nc3 b5 6. Bb3 Be7 7. O-O O-O 8. a4 Rb8 9. axb5 axb5 10. d3 d6 11. h3 Be6 12. Nd5 Qd7 13.
c3 b4 14. Ra6 Bxd5 15. exd5 Nd8 16. Ba4 Qc8 17. Ra5 Nd7 18. Nd2 Nc5 19. Bc2 c6 20. d4 exd4 21. cxd4 Ncb7 22. Ra4 cxd5 23. Rxb4 Nc6 24. Ra4 Bf6 25. Qh5 g6 26. Qxd5 Nxd4 27.
Bd3 Ne6 28. Ne4 Bg7 29. Be3 Nec5 30. Rc4 Qd8 31. Bg5 Qb6 32. Bf6 Nxe4 33. Rxe4 Bxf6 34. Rf4 Bg7 35. Bc4 Qc7 36. b3 Na5 37. Re1 Nxc4 38. bxc4 Rfe8 39. Rd1 Rbd8 40. Rf3 h6 41. Rfd3 Rc8 42. Rc1 Re6 43. Rd2 Qc5 44. Qd3 h5 45. Ra2 Rce8 46. Qd2 Kh7 47.
Qc2 Qg5 48. Rd1 Bd4 49. Rxd4 Re1+ 50. Kh2 Qe5+ 51. f4 Qxd4 52. Rb2 Qg1+ 0-1

[Event "FIDE Women World Blitz 2021"]
[Site "Warsaw"]
[Date "2021.12.30"]
[Round "12.28"]
[White "Serikbay, Assel"]
[Black "Garifullina, Leya"]
[Result "0-1"]
[ECO "A32"]
[WhiteElo "2237"]
[BlackElo "2416"]
[Annotator "NA"]
[PlyCount "114"]
[EventDate "2021.12.29"]
[EventType "swiss"]
[EventCountry "POL"]
[Tiebreak "Cut1 Buchholz"]
[SourceTitle "playchess.com"]
[Source "ChessBase"]
[SourceQuality "1"]
[TimeControl "180+2"]

1. d4 Nf6 2. c4 e6 3. Nf3 d5 4. Nc3 c5 5. cxd5 cxd4 6. Nxd4 Nxd5 7. Bd2 Nf6 8. e3 Be7 9. Bc4 O-O 10. O-O e5 11. Nde2 Nc6 12. Rc1 Bf5 13.
Ng3 Bg6 14. e4 Rc8 15. Be3 a6 16. Bd5 Qd6 17. Na4 Nxd5 18. exd5 Nd4 19. Rxc8 Rxc8 20. Bxd4 exd4 21. Qxd4 Bf6 22. Qe3 b5 23. Nc3 Bxc3 24. bxc3 Qxd5 25. h4 h5 26. Ne2 Qd3 27. Nf4 Qxe3 28. fxe3 Rxc3 29. Nxg6 fxg6 30. Rd1 Rxe3 31. Kf2 Ra3 32. Rd2 Kh7 33. g3 Kh6 34. Kg2 g5 35. Rd6+ g6 36. hxg5+ Kxg5 37. Rd2 Ra4 38. Kh3 Rc4 39. Rd6 Ra4 40. Rd2 Ra3 41. Rd5+ Kf6 42. Rd2 g5 43. Kg2 Kf5 44. Kh2 h4 45. gxh4 gxh4 46. Kg2 h3+ 47. Kh2 Ke5 48. Re2+ Kd5 49. Rf2 Rd3 50. Rf6 Ra3 51. Rf2 Kc5 52. Rb2 a5 53. Rd2 Rc3 54. Rf2 Kb4 55.
Rf5 Ka4 56. Rf4+ b4 57. Rf5 Rc2+ 0-1

[Event "FIDE Women World Blitz 2021"]
[Site "Warsaw"]
[Date "2021.12.30"]
[Round "12.29"]
[White "Garcia Martin, Marta"]
[Black "Kurmangaliyeva, Liya"]
[Result "1-0"]
[ECO "B23"]
[WhiteElo "2194"]
[BlackElo "2222"]
[Annotator "NA"]
[PlyCount "121"]
[EventDate "2021.12.29"]
[EventType "swiss"]
[EventCountry "POL"]
[Tiebreak "Cut1 Buchholz"]
[SourceTitle "playchess.com"]
[Source "ChessBase"]
[SourceQuality "1"]
[TimeControl "180+2"]

1. e4 c5 2. Nc3 Nc6 3. Bb5 Nd4 4. Nf3 a6 5. Bd3 g6 6. O-O Bg7 7. Rb1 e6 8. a3 Ne7 9. b4 cxb4 10. axb4 O-O 11. Re1 d6 12. Bb2 b5 13. Nxd4 Bxd4 14. Ne2 Bxb2 15. Rxb2 Nc6 16. c3 Qf6 17. Ng3 Bb7 18. Bc2 Ne5 19. Ra2 Rfd8 20. Qe2 Nc4 21. d3 Nb6 22. d4 Rac8 23. Ra3 h5 24. Nf1 Nc4 25. Ra2 h4 26. h3 Qg5 27. Bd3 Nb6 28.
Ra3 Rc7 29. Nd2 Rdc8 30. Nf3 Qf4 31. Qc2 Nc4 32. Raa1 g5 33.
Rac1 g4 34. hxg4 Qxg4 35. Nh2 Qg5 36. Nf3 Qf4 37. Qe2 f6 38.
Rc2 Rg7 39. Kh1 h3 40. g3 Qg4 41. Nh2 Qg5 42. Kg1 Nb6 43. Qe3 Na4 44. Qxg5 Rxg5 45. Rec1 d5 46. Nf3 Rg4 47. e5 f5 48. Nd2 Kf7 49. Nb3 f4 50. Kh2 Rcg8 51. Rg1 Nb6 52. Nc5 Nc4 53. Nxb7 fxg3+ 54. Rxg3 Rxg3 55. fxg3 Ne3 56. Rf2+ Ke7 57. Be2 Rg7 58. Nc5 Nc2 59. Rf6 Ne3 60. Rxe6+ Kd8 61. Rf6 1-0